 Dungeon Crawl Stone Soup version 0.21.1-1-g345015fe64 (webtiles) character file.

44 Gargoyl the Skirmisher (level 3, -4/33 HPs)
             Began as a Centaur Abyssal Knight on May 26, 2018.
             Was a Follower of Lugonu.
             Slain by an adder (5 damage)
             ... on level 2 of the Dungeon.
             The game lasted 00:02:03 (859 turns).

Gargoyl the Skirmisher (Centaur Abyssal Knight)      Turns: 859, Time: 00:02:03

Health: -4/33      AC:  5    Str: 13 (14) XL:     3   Next: 39%
Magic:  4/4        EV:  9    Int:  7 (9)  God:    Lugonu [*.....]
Gold:   51         SH:  0    Dex:  7 (9)  Spells: 2/2 levels left

rFire    . . .     SeeInvis .   h - -1 whip (curse)
rCold    . . .     Gourm    .   (no shield)
rNeg     . . .     Faith    .   b - +0 leather armour
rPois    .         Spirit   .   (no helmet)
rElec    .         Reflect  .   (no cloak)
rCorr    .         Harm     .   (no gloves)
MR       .....                  (no barding)
Stlth    ..........             (no amulet)
HPRegen  0.11/turn              (no ring)
MPRegen  0.09/turn              (no ring)

@: very quick
A: large, hooves 3, deformed body, dopey 1, speed 2, shaggy fur 1, tough skin 3
a: Depart the Abyss, Renounce Religion


You were on level 2 of the Dungeon.
You worshipped Lugonu.
Lugonu was aware of your devotion.
You were not hungry.

You visited 1 branch of the dungeon, and saw 2 of its levels.
You visited the Abyss 1 time.

You collected 51 gold pieces.

Inventory:

Hand Weapons
 a - a +1 hand axe
 h - a cursed -1 whip (weapon)
Missiles
 e - 3 javelins (quivered)
Armour
 b - a +0 leather armour (worn)
Jewellery
 i - an uncursed amulet of harm {unknown}
Scrolls
 f - a scroll of teleportation
Comestibles
 c - 2 rations


   Skills:
 + Level 3.8 Fighting
 + Level 1.9 Axes
 * Level 1.9 Armour
 + Level 0.7 Dodging
 * Level 2.3 Invocations


You had 2 spell levels left.
You didn't know any spells.

Dungeon Overview and Level Annotations

Branches:
Dungeon (2/15)

Altars:


Innate Abilities, Weirdness & Mutations

You have hooves in place of feet.
Armour fits poorly on your strangely shaped body.
You cover ground very quickly.
You have extremely tough skin. (AC +3)
You are dopey. (Int -2)
You are covered in fur. (AC +1)


Message History

The adder is moderately wounded.
The rat barely misses you. The adder bites you but does no damage.
The hobgoblin hits you but does no damage.
The ooze hits you but does no damage.
You hit the adder. Your kick misses the adder.
The adder is severely wounded.
The adder barely misses you. The rat bites you but does no damage.
The hobgoblin barely misses you. The ooze completely misses you.
The rat bites you but does no damage. The adder closely misses you.
You miss the adder. Your kick misses the adder.
The adder is severely wounded.
The hobgoblin hits you.
* * * LOW HITPOINT WARNING * * *
The adder bites you.
* * * LOW HITPOINT WARNING * * *
The ooze closely misses you. The rat misses you.
You hit the adder.
The adder is almost dead.
The adder bites you.
You die...

#.. .... ....
... ..... ## .
######## ..
.....#####.
.........
#.....#
#.r.S.#
#..@g.#
+..)J.#
#.....# #
#.....# .#
#..†..#####...
#.............
######........
###.......#
#.........#


You could see an ooze, an adder, a hobgoblin and a rat.

Vanquished Creatures
  An adder (D:2)
  2 giant cockroaches
  3 goblins (D:1)
  5 hobgoblins
  A jackal (D:1)
  2 ball pythons (D:1)
  5 bats (D:1)
  A frilled lizard (D:1)
  6 kobolds
  11 rats
37 creatures vanquished.

Notes
Turn   | Place    | Note
-------+----------+-------------------------------------------
     0 | Abyss:1  | Gargoyl the Centaur Abyssal Knight began the quest for the Orb.
     0 | Abyss:1  | Reached XP level 1. HP: 19/19 MP: 2/2
    15 | Abyss:1  | Gained mutation: You are dopey. (Int -2) [potion of mutation]
    15 | Abyss:1  | Gained mutation: You are covered in fur. (AC +1) [potion of mutation]
    24 | Abyss:1  | Noticed a thrashing horror
    26 | D:1      | Escaped the Abyss
   280 | D:1      | Reached * piety under Lugonu
   280 | D:1      | Reached XP level 2. HP: 26/26 MP: 3/3
   744 | D:2      | Reached XP level 3. HP: 26/33 MP: 4/4
   858 | D:2      | HP: 1/33 [adder (3)]
   859 | D:2      | Slain by an adder

Action                   || total
-------------------------++-------
Melee: Hand axe          ||    71
       Kick              ||    11
       Whip              ||    15
Invok: Depart the Abyss  ||     1
  Use: Potion            ||     3
       Scroll            ||     3
Armor: Leather armour    ||    61
Dodge: Dodged            ||    68
